 Dungeon Crawl Stone Soup version 0.25.0 (webtiles) character file.

Game seed: 544282723826103806

27 gruber the Shooter (level 2, -1/24 HPs)
             Began as a Centaur Hunter on June 12, 2020.
             Slain by a hound (3 damage)
             ... on level 1 of the Dungeon.
             The game lasted 00:00:57 (1077 turns).

gruber the Shooter (Centaur Hunter)                 Turns: 1077, Time: 00:00:57

Health: -1/24      AC:  4    Str: 14    XL:     2   Next: 93%
Magic:  2/2        EV:  9    Int: 10    God:
Gold:   35         SH:  0    Dex:  9    Spells: 1/1 levels left

rFire    . . .     SeeInvis .   a - +1 shortbow
rCold    . . .     Gourm    .   (shield currently unavailable)
rNeg     . . .     Faith    .   c - +0 leather armour
rPois    .         Spirit   .   (no helmet)
rElec    .         Reflect  .   (no cloak)
rCorr    .         Harm     .   (no gloves)
MR       .....                  (no barding)
Stlth    +.........             (no amulet)
HPRegen  0.08/turn              i - ring of wizardry
MPRegen  0.08/turn              (no ring)

@: very quick
A: large, hooves 3, deformed body, speed 2, tough skin 3
a: no special abilities


You were on level 1 of the Dungeon.
You were not hungry.

You visited 1 branch of the dungeon, and saw 2 of its levels.

You collected 35 gold pieces.

Inventory:

Hand Weapons
 a - a +1 shortbow (weapon)
 k - a +2 dagger of protection
Missiles
 d - 61 arrows (quivered)
Armour
 c - a +0 leather armour (worn)
Jewellery
 i - a ring of wizardry (left hand)
Scrolls
 b - a scroll of amnesia {unknown}
 e - 4 scrolls of identify {unknown}
 j - a scroll of enchant weapon {unknown}
 l - a scroll of noise {unknown}
 m - a scroll of remove curse {unknown}
Potions
 g - 2 potions of might {unknown}
Comestibles
 f - 3 rations


   Skills:
 - Level 2.0 Fighting
 + Level 6.6 Bows
 - Level 1.3 Dodging
 - Level 0.4 Stealth


You had one spell level left.
You didn't know any spells.
Your spell library was empty.

Dungeon Overview and Level Annotations

Branches:
Dungeon (2/15)

Altars:


Innate Abilities, Weirdness & Mutations

You have hooves in place of feet.
Armour fits poorly on your strangely shaped body.
You cover ground very quickly.
You have extremely tough skin. (AC +3)


Message History

Press: ? - help, Shift-Dir - straight line, f/p - hound
Aim: a hound (moderately wounded)
You shoot an arrow. The arrow misses the hound.
The hound bites you.
* * * LOW HITPOINT WARNING * * *
Unknown command.
Firing (i - inventory)
d - 63 arrows (quivered)
Press: ? - help, Shift-Dir - straight line, f/p - hound
Aim: a hound (moderately wounded)
You shoot an arrow.
The arrow hits the hound but does no damage.
The hound is moderately wounded.
The hound barely misses you. The hound bites you but does no damage.
Unknown command.
Firing (i - inventory)
d - 62 arrows (quivered)
Press: ? - help, Shift-Dir - straight line, f/p - hound
Aim: a hound (moderately wounded)
You shoot an arrow. The arrow hits the hound.
The hound is heavily wounded.
The hound bites you.
You die...

#.#.#...#####.......##..#.
#(#.#....##.....##...##..#
#.#.##......<..####......#
#.#..##...#...## ####..##
#....##..###### ##.#
#####..##.## #.##
##...#...### ##### ###...
#.......#.####.#.## #...##
#.......##..@h...(######..###
#.......#..######............
#..........# #........####
#.#.......## #.#.##.#.....
#.#.......# #.#.##.######
#.#.....#.# #.#..>.# ##
#.#.....#.# #.#..#.# #.
#.##.##.#.#######.#..#.# ##.
#.##.##.#.........#..#.# #..


You could see a hound.

Vanquished Creatures
  An ooze (D:1)
  A dart slug (D:1)
  A leopard gecko (D:1)
  2 giant cockroaches (D:1)
  A goblin (D:1)
  3 hobgoblins (D:1)
  3 bats (D:1)
  5 kobolds (D:1)
  A rat (D:1)
18 creatures vanquished.

Notes
Turn   | Place    | Note
-------+----------+-------------------------------------------
     0 | D:1      | gruber the Centaur Hunter began the quest for the Orb.
     0 | D:1      | Reached XP level 1. HP: 17/17 MP: 1/1
   230 | D:1      | Reached XP level 2. HP: 21/24 MP: 2/2
   368 | D:1      | Reached skill level 6 in Bows
  1077 | D:1      | Slain by a hound

Illustrated notes

Levels and vault maps discovered:
D:1:      dpeg_arrival_round_c, layout_loops_ring
D:2:      layout_basic, overflow_temple_1_default,
          chequers_ecumenical_altar_twisty, minmay_circle_x, uniq_natasha,
          uniq_terence, uniq_robin

Skill      XL: |  1  2 |
---------------+-------+-----
Bows           | 6 |  6.6
Fighting       | |  2.0
Dodging        | |  1.3
Stealth        | |  0.4

Action                   || total
-------------------------++-------
Melee: Short sword       ||    34
       Kick              ||     9
       Dagger            ||    18
 Fire: Shortbow          ||    10
Armor: Leather armour    ||    28
Dodge: Dodged            ||    31
